AoeStats
← Caronte

Arabia

506523300Analyzed
4v4 RM · 19d ago on Sep 13, 2026· 54m 28s· 8 players
Game mode
Random Map
Map size
Large (8 player)
Population
200
Speed
Normal
Resources
Standard
Victory
Conquest
Starting age
Dark Age
Ending age
Imperial Age
RankedLock teamsTeams togetherTeam positionsShared explorationLock speedFull tech treeHidden civsTurbo modeCheats
Victory
Defeat
🇮🇪 Burgundians · Ireland
889
+16
🇦🇷 Franks · Argentina
880
+16
🇦🇷 Spanish · Argentina
865
+17
🇺🇸 Mongols · United States
807
+20
🇦🇷 Cumans · Argentina
919
-19
🇦🇷 Huns · Argentina
899
-51
🇦🇷 Chinese · Argentina
853
-16
🇦🇷 Saracens · Argentina
848
-16
Havoc AD
0:33 Loom
13:30 Feudal Age
18:44 Wheelbarrow
17:56 Town Watch
20:33 Bloodlines
21:15 Gold Mining
21:16 Stone Mining
21:14 Double-Bit Axe
22:54 Horse Collar
29:25 Castle Age
31:13 Husbandry
32:14 Forging
32:10 Scale Barding Armor
32:33 Caravan
33:45 Gold Shaft Mining
37:08 Iron Casting
36:54 Chain Barding Armor
36:38 Heavy Plow
36:52 Bow Saw
37:21 Stone Shaft Mining
38:36 Hand Cart
38:23 Town Patrol
41:49 Imperial Age
40:44 Nomads
42:28 Elite Steppe Lancer
44:43 Light Cavalry
46:37 Murder Holes
46:47 Hussar
51:41 Fortified Wall
CaroDaddy
2:35 Loom
10:56 Feudal Age
11:23 Double-Bit Axe
23:43 Castle Age
22:32 Scale Barding Armor
22:55 Scale Mail Armor
23:02 Stone Mining
23:03 Gold Mining
25:09 Husbandry
27:00 Bow Saw
27:59 Fletching
31:04 Wheelbarrow
33:11 Hand Cart
32:42 Town Watch
35:00 Bodkin Arrow
37:49 Imperial Age
37:13 Pikeman
37:54 Squires
38:58 Ballistics
38:34 Murder Holes
40:17 Cavalier
42:53 Halberdier
44:15 Town Patrol
44:35 Chain Mail Armor
45:19 Chain Barding Armor
46:03 Gold Shaft Mining
48:32 Chemistry
50:36 Plate Mail Armor
49:57 Paladin
Alpha Robeeert
6:47 Double-Bit Axe
8:43 Horse Collar
10:43 Wheelbarrow
11:22 Gold Mining
14:16 Feudal Age
12:51 Loom
15:41 Bow Saw
21:27 Castle Age
20:01 Stone Mining
20:15 Heavy Plow
20:57 Gold Shaft Mining
21:11 Scale Barding Armor
22:18 Hand Cart
22:46 Cavalier
24:29 Chain Barding Armor
25:25 Forging
25:44 Town Watch
26:45 Iron Casting
29:33 Husbandry
30:26 Stone Shaft Mining
39:15 Town Patrol
43:19 Imperial Age
44:48 Two-Man Saw
44:22 Crop Rotation
43:26 Paladin
44:45 Plate Barding Armor
45:18 Chemistry
44:30 Masonry
45:04 Ballistics
45:49 Blast Furnace
44:32 Capped Ram
Caronte
9:55 Feudal Age
11:23 Wheelbarrow
10:38 Double-Bit Axe
10:36 Horse Collar
19:00 Castle Age
18:41 Stone Mining
18:46 Gold Mining
19:24 Scale Mail Armor
21:05 Squires
20:27 Pikeman
24:02 Heavy Plow
25:14 Town Watch
27:48 Bow Saw
30:44 Hand Cart
34:29 Imperial Age
33:22 Padded Archer Armor
33:13 Fletching
33:33 Forging
33:39 Chain Mail Armor
33:30 Scale Barding Armor
33:36 Thumb Ring
32:55 Elite Skirmisher
35:16 Inquisition
35:14 Gambesons
34:50 Halberdier
38:28 Conscription
39:02 Plate Mail Armor
39:08 Iron Casting
38:50 Leather Archer Armor
40:03 Elite Conquistador
44:05 Chemistry
45:14 Caravan
46:24 Bodkin Arrow
46:50 Chain Barding Armor
47:04 Ballistics
46:56 Arson
48:57 Bombard Tower
49:03 Capped Ram
51:05 Blast Furnace
50:35 Ring Archer Armor
50:41 Plate Barding Armor
50:07 Bracer
coloo.rodriguez
12:11 Feudal Age
19:49 Castle Age
22:56 Horse Collar
23:04 Double-Bit Axe
28:03 Pikeman
29:54 Wheelbarrow
29:52 Fletching
30:13 Padded Archer Armor
30:16 Murder Holes
30:53 Ballistics
32:09 Masonry
32:21 Squires
32:18 Bodkin Arrow
42:38 Imperial Age
40:30 Hand Cart
40:34 Leather Archer Armor
40:31 Forging
40:23 Scale Mail Armor
42:56 Halberdier
44:34 Arson
44:52 Bracer
45:24 Ring Archer Armor
45:34 Iron Casting
45:15 Stone Mining
45:20 Gold Mining
45:57 Heavy Plow
46:35 Architecture
47:19 Elite Chu Ko Nu
53:20 Rocketry
53:30 Rocketry
SirAlava
8:07 Loom
12:02 Feudal Age
24:21 Castle Age
27:13 Pikeman
40:13 Imperial Age
39:30 Stone Mining
44:33 Fletching
45:13 Bodkin Arrow
46:02 Bracer
45:43 Crossbowman
46:54 Padded Archer Armor
50:23 Arbalester
MatPass
6:02 Loom
8:20 Loom
11:36 Feudal Age
12:48 Horse Collar
15:33 Loom
18:34 Double-Bit Axe
23:40 Castle Age
23:22 Gold Mining
23:24 Stone Mining
23:37 Fletching
24:51 Heavy Plow
25:05 Bow Saw
25:46 Gold Shaft Mining
25:21 Bodkin Arrow
27:08 Wheelbarrow
28:45 Scale Barding Armor
29:26 Thumb Ring
29:36 Padded Archer Armor
28:58 Pikeman
35:45 Squires
36:34 Forging
38:06 Iron Casting
38:50 Scale Mail Armor
dura
10:42 Feudal Age
21:01 Castle Age
19:36 Stone Mining
19:36 Gold Mining
19:45 Double-Bit Axe
20:09 Horse Collar
21:50 Wheelbarrow
21:01 Loom
22:17 Bow Saw
24:59 Hand Cart
24:44 Gold Mining
24:56 Heavy Plow
26:28 Bloodlines
29:19 Gold Shaft Mining
31:26 Imperial Age
29:45 Town Watch
29:53 Pikeman
30:33 Squires
31:59 Cavalier
33:48 Scale Barding Armor
33:54 Forging
33:44 Scale Mail Armor
34:58 Conscription
37:32 Paladin
40:02 Steppe Husbandry
42:20 Elite Skirmisher
42:42 Light Cavalry
43:22 Hussar
44:55 Iron Casting
44:36 Chain Mail Armor
44:41 Chain Barding Armor
44:56 Iron Casting
44:41 Chain Barding Armor
44:36 Chain Mail Armor
44:11 Fletching
44:21 Padded Archer Armor
Connection lost

Rejoining the realm…

Still unreachable

The connection could not be restored.

Session expired

The server has moved on; the page needs a fresh start.